 Dungeon Crawl Stone Soup version 0.28-a0-556-gab23d0e057 (webtiles) character file.

Game seed: 5243380389643786754

158 miscthings the Chopper (level 5, 0/73 HPs)
             Began as a Naga Fighter on Sept 28, 2021.
             Slain by Grinder (3 damage)
             ... on level 3 of the Dungeon.
             The game lasted 00:02:50 (1450 turns).

miscthings the Chopper (Naga Fighter)               Turns: 1450, Time: 00:02:50

Health: 0/73       AC: 22    Str: 19    XL:     5   Next: 40%
Magic:  5/5        EV:  1    Int:  9    God:
Gold:   75         SH:  4    Dex: 10    Spells: 4/4 levels left

rFire   . . .      SeeInvis +   a - +0 war axe
rCold   . . .      Faith    .   c - +0 buckler
rNeg    + + +      Spirit   .   (armour currently unavailable)
rPois   +          Reflect  .   (helmet currently unavailable)
rElec   .          Harm     .   (cloak currently unavailable)
rCorr   .          Rampage  .   (gloves currently unavailable)
Will    .....      NoTele   +   (no barding)
Stlth   +.........              (no amulet)
HPRegen 0.22/turn               (no ring)
MPRegen 0.09/turn               (no ring)

@: tree-form
A: stationary, stasis, torment immunity, boosted hp, AC +1, large, see
invisible, (deformed body), (poison resistance), (slowness 2), spit poison 1,
(naga tail 1)
a: Spit Poison


You were on level 3 of the Dungeon.
You were a tree.
You visited 1 branch of the dungeon, and saw 3 of its levels.

You collected 75 gold pieces.

Inventory:

Hand Weapons
 a - a +0 war axe (weapon)
Armour
 b - a +0 scale mail (melded)
 c - a +0 buckler (worn)
 k - a +0 pair of gloves (melded)
Scrolls
 f - a scroll of immolation
 g - 3 scrolls of identify {unknown}
 h - a scroll of enchant armour {unknown}
 j - a scroll of noise {unknown}
Potions
 d - a potion of might


   Skills:
 - Level 3.0 Fighting
 + Level 5.4 Axes
 - Level 2.4 Armour
 - Level 2.4 Shields


You had 4 spell levels left.
You didn't know any spells.
Your spell library contained the following spells:

 Spells                   Type           Power      Damage    Failure   Level
 Summon Small Mammal      Summ           0%         N/A       38%         1
 Call Canine Familiar     Summ           0%         N/A       77%         3
 Frozen Ramparts          Ice            0%         1d2       77%         3
 Portal Projectile        Hex/Tloc       0%         N/A       77%         3
 Summon Guardian Golem    Hex/Summ       0%         N/A       77%         3
 Ice Form                 Ice/Tmut       0%         N/A       99%         4
 Leda's Liquefaction      Hex/Erth       0%         N/A       99%         4
 Summon Ice Beast         Ice/Summ       0%         N/A       99%         4


Dungeon Overview and Level Annotations

Branches:
Dungeon (3/15)

Altars:

Shops:
D:1 (

Annotations:
D:3 Grinder


Innate Abilities, Weirdness & Mutations

You are a tree.
Your roots penetrate the ground, keeping you stationary.
You cannot be teleported.
You are immune to unholy pain and torment.
Your maximum health is greatly increased.
Your equipment is partially melded.
((Your serpentine skin is tough. (AC +1)))
You have supernaturally acute eyesight. (SInv)
((Armour fits poorly on your strangely shaped body.))
((Your system is resistant to poisons. (rPois)))
((You cover ground very slowly.))
You can spit poison.
((You have a snake-like lower body.))


Message History

Press: ? - help, Shift-Dir - straight line, f/p - Grinder
Aim: Grinder (52% to hit)
You throw a javelin. The javelin pierces through Grinder!
Grinder is moderately wounded.
You have got your breath back.
Grinder blinks!
Grinder gestures at you. Pain shoots through your body!
Abil: Spit Poison
Press: ? - help, Q - select action Shift-Dir - straight line, f/p - Grinder
Aim: Grinder (moderately wounded)
The splash of poison hits Grinder.
Grinder is moderately wounded.
You hit Grinder.
Grinder is moderately wounded.
Grinder hits you.
You writhe in agony.
Grinder blinks!
You barely miss Grinder.
Grinder is moderately wounded.
Grinder gestures at you. Pain shoots through your body!
* * * LOW HITPOINT WARNING * * *
It was a potion of attraction.
You feel attractive to monsters. Grinder closely misses you.
It was a potion of cancellation.
Your magical effects are unravelling.
You feel magically purged.
You have got your breath back.
You block Grinder's attack.
You feel less attractive to monsters.
It was a potion of curing.
You feel better. Grinder hits you.
* * * LOW HITPOINT WARNING * * *
You writhe in agony.
* * * LOW HITPOINT WARNING * * *
It was a potion of lignification.
You turn into a tree.
Your +0 pair of gloves melds into your body.
Your +0 scale mail melds into your body.
Your roots penetrate the ground.
Grinder hits you!
* * * LOW HITPOINT WARNING * * *
It was a potion of flight.
Your roots keep you in place.
Grinder hits you.
You die...

?. #... ######.## ###
#... ........# ..#
#... ≈≈≈≈≈≈.# #.# ####
....≈.# #.# #### #
#####.≈.###.#######...
#$
#.....≈..##..........#
#.. #.≈..)..........(#
#(.≈
#♣≈.############.#
#..≈.#####5≈.# #.#
#(§≈.......≈.# #..
#..≈≈≈≈≈≈≈≈).# ###
#............#
#...........##
#############


You could see Grinder.

Vanquished Creatures
  2 orc wizards (D:3)
  2 adders
  3 gnolls (D:2)
  2 dart slugs (D:2)
  3 orcs (D:3)
  5 endoplasms
  2 giant cockroaches (D:1)
  5 goblins
  6 hobgoblins
  4 jackals (D:1)
  4 ball pythons
  8 bats
  4 frilled lizards
  5 kobolds
  2 rats (D:1)
57 creatures vanquished.

Notes
Turn   | Place    | Note
-------+----------+-------------------------------------------
     0 | D:1      | miscthings the Naga Fighter began the quest for the Orb.
     0 | D:1      | Reached XP level 1. HP: 21/21 MP: 1/1
    67 | D:1      | Found a faded altar of an unknown god.
   176 | D:1      | Reached XP level 2. HP: 26/28 MP: 2/2
   208 | D:1      | Found Dipn's Antique Weapon Shoppe.
   327 | D:1      | Reached skill level 3 in Axes
   504 | D:1      | Reached XP level 3. HP: 31/34 MP: 3/3
   847 | D:2      | Reached skill level 4 in Axes
   924 | D:2      | Reached XP level 4. HP: 42/42 MP: 4/4
  1398 | D:3      | Reached skill level 5 in Axes
  1398 | D:3      | Reached XP level 5. HP: 45/49 MP: 5/5
  1427 | D:3      | Noticed Grinder
  1445 | D:3      | HP: 2/49 [Grinder/nerve-wracking pain (14)]
  1450 | D:3      | Slain by Grinder

Illustrated notes

Levels and vault maps discovered:
D:1:      heliophobic_arrival_henge, layout_rooms,
          hellmonk_ecumenical_altar_blasted, serial_shops, shop, fountainhead
D:2:      layout_basic, minmay_misc_feat_secret_circle
D:3:      layout_loops_ring, mainiacjoe_overflow_brackets, zin_purify,
          kennysheep_generic_room_2, uniq_grinder, uniq_crazy_yiuf_cottage

Skill      XL: |  1  2  3  4 |
---------------+-------------+-----
Axes           | 3 4 5 |  5.4
Fighting       | |  3.0
Armour         | |  2.4
Shields        | |  2.4

Action                   |  1- 3 |  4- 6 || total
-------------------------+-------+-------++-------
Melee: War axe           |    97 |    40 ||   137
Throw: Javelin           |       |     5 ||     5
 Abil: Spit Poison       |     1 |    13 ||    14
  Use: Potion            |       |     5 ||     5
Armor: Scale mail        |    59 |    20 ||    79
Dodge: Dodged            |    44 |    17 ||    61
Block: Buckler           |    16 |     8 ||    24

Table legend: (Time is in decaauts)
 A = Elapsed time spent in this place.
 B = Non-inter-level travel time spent in this place.
 C = Inter-level travel time spent in this place.
 D = Time resting spent in this place.
 E = Time spent auto-exploring this place.
 F = Levels seen in this place.
 G = Mean time per level.
                   A        B        C        D        E       F      G
               +--------+--------+--------+--------+--------+-----+--------+
         Total |   1885 |   1799 |     86 |    268 |   1058 |   3 |  628.3 |
       Dungeon |   1885 |   1799 |     86 |    268 |   1058 |   3 |  628.3 |
               +--------+--------+--------+--------+--------+-----+--------+

Top non-repeatable levels by time:
     D:1: 871 daAuts
     D:2: 779 daAuts
     D:3: 234 daAuts
